 Dungeon Crawl Stone Soup version 0.27.1-4-g1640c2035a (webtiles) character file.

Game seed: 13995758046849163929

243 adizb the Poker (level 6, -9/47 HPs)
             Began as a Merfolk Gladiator on Nov 17, 2021.
             Mangled by a hornet zombie (11 damage)
             ... on level 4 of the Dungeon.
             The game lasted 00:15:47 (2515 turns).

adizb the Poker (Merfolk Gladiator)                 Turns: 2515, Time: 00:15:47

Health: -9/47      AC:  5    Str: 15 (16) XL:     6   Next: 9%
Magic:  6/6        EV: 13    Int: 12 (13) God:
Gold:   156        SH:  0    Dex: 13 (16) Spells: 5/5 levels left

rFire    . . .     SeeInvis .   a - +0 trident
rCold    . . .     Faith    .   (no shield)
rNeg     . . .     Spirit   .   b - +0 leather armour
rPois    .         Reflect  .   c - +1 helmet
rElec    .         Harm     .   (no cloak)
rCorr    +         Rampage  .   (no gloves)
Will     .....                  (no boots)
Stlth    +.........             (no amulet)
HPRegen  0.15/turn              h - +6 ring of intelligence
MPRegen  0.10/turn              p - ring of resist corrosion

@: flying (expiring)
A: (nimble swimmer 2), mertail
a: no special abilities


You were on level 4 of the Dungeon.
You visited 1 branch of the dungeon, and saw 4 of its levels.

You collected 156 gold pieces.

Inventory:

Hand Weapons
 a - a +0 trident (weapon)
Missiles
 g - a boomerang of dispersal (quivered)
Armour
 b - a +0 leather armour (worn)
 c - a +1 helmet (worn)
Magical Staves
 e - a staff of death
Jewellery
 h - a +6 ring of intelligence (left hand)
 i - a ring of protection from fire
 p - a ring of resist corrosion (right hand)
Scrolls
 f - a scroll of summoning {unknown}
 q - a scroll of fear
 u - a scroll of teleportation {unknown}
Potions
 m - a potion of brilliance


   Skills:
 + Level 3.5 Fighting
 * Level 6.9 Polearms
 + Level 3.2 Throwing
 + Level 5.3 Dodging


You had 5 spell levels left.
You didn't know any spells.
Your spell library contained the following spells:

 Spells                   Type           Power      Damage    Failure   Level
 Magic Dart               Conj           0%         1d3       38%         1
 Searing Ray              Conj           0%         3d3       52%         2
 Fulminant Prism          Conj/Hex       0%         3d6       99%         4


Dungeon Overview and Level Annotations

Branches:
Dungeon (4/15)
 Temple: D:4-7

Altars:
Qazlal
Vehumet

Shops:
D:3 !


Innate Abilities, Weirdness & Mutations

((You are quick and stealthy near water. (Stealth+, EV+, Speed+++)))
Your lower body shifts to a powerful aquatic tail in water.


Message History

Press: ? - help, Q - select action Shift-Dir - straight line, f/p - hornet zombie
Aim: a hornet zombie (severely damaged, 63% to hit)
You throw a boomerang of dispersal.
The boomerang of dispersal closely misses the hornet zombie.
Throw: 4 boomerangs (disperse)
Press: ? - help, Q - select action Shift-Dir - straight line, f/p - hornet zombie
Aim: a hornet zombie (severely damaged, 63% to hit)
You throw a boomerang of dispersal.
The boomerang of dispersal closely misses the hornet zombie.
Your extra speed is starting to run out.
Throw: 3 boomerangs (disperse)
Press: ? - help, Q - select action Shift-Dir - straight line, f/p - hornet zombie
Aim: a hornet zombie (severely damaged, 63% to hit)
You throw a boomerang of dispersal.
The boomerang of dispersal hits the hornet zombie but does no damage.
The hornet zombie is severely damaged.
Throw: 2 boomerangs (disperse)
Press: ? - help, Q - select action Shift-Dir - straight line, f/p - hornet zombie
Aim: a hornet zombie (severely damaged, 63% to hit)
You throw a boomerang of dispersal.
The boomerang of dispersal barely misses the hornet zombie.
You puncture the hornet zombie!
The hornet zombie is almost destroyed.
The hornet zombie hits you!
* * * LOW HITPOINT WARNING * * *
You feel yourself slow down.
You are starting to lose your buoyancy.
The hornet zombie barely misses you.
You can't see any enemies this would affect, really read the scroll of fear?
Okay, then.
Okay, then.
You hit the hornet zombie but do no damage.
The hornet zombie is almost destroyed.
The hornet zombie hits you but does no damage.
Okay, then.
Okay, then.
As you read the scroll labelled ANIPIO WOTE, it crumbles to dust.
You feel aware of your surroundings.
It was a scroll of magic mapping.
The hornet zombie hits you!
You die...

##* ************###.*
,,,,,,,,,,,,,...*
#*********#####.###### ########
#.....@Z...#********* ##.....#
#.....####.#,,,,,,,,*
##.###.#############.#,******,*
...#.................#,* *,*
######################,* *,*
.).........,,,,,,,,,,,,* *,*
###........,,,,,*************,*
#.#######****,,,,,,,,,,^,,,,*
#.####***********************


You could see a hornet zombie.

Vanquished Creatures
  A centaur skeleton (D:4)
  3 jellies (D:3)
  Jessica (D:3)
  2 adders
  2 dart slugs
  An orc (D:4)
  15 endoplasms
  3 giant cockroaches
  7 goblins
  9 hobgoblins
  2 quokkas
  5 ball pythons
  3 bats
  7 frilled lizards
  14 kobolds
  3 rats
78 creatures vanquished.

Vanquished Creatures (others)
  A fungus (D:3)
  7 toadstools (D:3)
8 creatures vanquished.

Grand Total: 86 creatures vanquished

Notes
Turn   | Place    | Note
-------+----------+-------------------------------------------
     0 | D:1      | adizb the Merfolk Gladiator began the quest for the Orb.
     0 | D:1      | Reached XP level 1. HP: 16/16 MP: 1/1
    63 | D:1      | Reached XP level 2. HP: 21/23 MP: 2/2
   418 | D:1      | Reached skill level 5 in Polearms
   550 | D:1      | Reached XP level 3. HP: 24/28 MP: 3/3
   570 | D:1      | Found a faded altar of an unknown god.
  1159 | D:2      | You fall into a shaft and drop 1 floor!
  1159 | D:3      | Found Boohotha's Distillery.
  1458 | D:3      | Reached XP level 4. HP: 34/34 MP: 4/4
  1683 | D:3      | Reached skill level 6 in Polearms
  1683 | D:3      | Reached skill level 5 in Dodging
  1683 | D:3      | Reached XP level 5. HP: 36/41 MP: 5/5
  1974 | D:3      | Found a radiant altar of Vehumet.
  2030 | D:3      | Found a stormy altar of Qazlal.
  2159 | D:3      | Noticed Jessica
  2169 | D:3      | Killed Jessica
  2296 | D:4      | Reached XP level 6. HP: 33/47 MP: 6/6
  2449 | D:4      | HP: 1/47 [hornet zombie (11)]
  2506 | D:4      | HP: 1/47 [hornet zombie (9)]
  2515 | D:4      | Mangled by a hornet zombie

Illustrated notes

Levels and vault maps discovered:
D:1:      nzn_arrival_settlement, layout_basic, basic_ecumenical_altar
D:2:      layout_loops_ring
D:3:      cheibrodos_fertilizer, layout_loops_ring,
          mainiacjoe_overflow_small_starburst, nicolae_qazlal_general_emergency,
          serial_shops, shop, uniq_jessica
D:4:      layout_basic

Skill      XL: |  1  2  3  4  5 |
---------------+----------------+-----
Polearms       | 5 6 |  6.9
Fighting       | 3 |  3.5
Dodging        | 5 |  5.3
Throwing       | 3 |  3.2

Action                   |  1- 3 |  4- 6 || total
-------------------------+-------+-------++-------
Melee: Trident           |   119 |   136 ||   255
Throw: Throwing net      |       |     7 ||     7
       Boomerang         |       |     7 ||     7
  Use: Scroll            |     1 |     5 ||     6
       Potion            |       |     5 ||     5
 Stab: Sleeping          |     3 |     1 ||     4
       Held in net/web   |       |     2 ||     2
       Distracted        |       |     1 ||     1
Armor: Leather armour    |    13 |    30 ||    43
Dodge: Dodged            |    54 |    61 ||   115
